cohdb
Replays
Latest Replays
All Replays
Popular Replays
Top Player Replays
Match Explorer
How It Works
Community
CoH3 Stats
Reddit
Sign in to upload your games and track your stats! →
Sign in with Steam
Match 27104948
Unlisted
Match 27104948
Overview
Messages
Build Orders
End
Construct Barracks
Riflemen Squad
M1 Mortar Team
Riflemen Squad
Riflemen Squad
Construct Weapon Support Center
M1919 Machine Gun Team
M1 Mortar Team
Mechanized Support Center
Selects Advanced Infantry Battlegroup
Selects Convert to Ranger Squad
Selects Frontline Medical Station
cdrdallas
AirborneAngel
Bender UA
83342426
Yellow staIrs
Hevsik
El Cacique de la Junta
Rookie
0
0
Comments
sign in to comment!
No comments posted yet!